 Dungeon Crawl Stone Soup version 0.27-a0-951-gae3e1deef5 (webtiles) character file.

Game seed: 3790775778595809876

123 spiderkeys the Sneak (level 4, 0/34 HPs)
             Began as a Spriggan Brigand on Apr 12, 2021.
             Slain by a water moccasin (6 damage)
             ... on level 3 of the Dungeon.
             The game lasted 00:05:55 (2950 turns).

spiderkeys the Sneak (Spriggan Brigand)             Turns: 2950, Time: 00:05:57

Health: 0/34       AC: 22    Str:  7    XL:     4   Next: 80%
Magic:  5/5        EV:  4    Int: 12    God:
Gold:   62         SH:  0    Dex: 17    Spells: 3/3 levels left

rFire    . . .     SeeInvis +   g - +1 dagger (speed)
rCold    . . .     Faith    .   (shield restricted)
rNeg     + + +     Spirit   .   (armour currently unavailable)
rPois    +         Reflect  .   (helmet currently unavailable)
rElec    .         Harm     .   (cloak currently unavailable)
rCorr    .         Rampage  .   (gloves unavailable)
Will     .....     NoTele   +   (boots unavailable)
Stlth    ++++......             (no amulet)
HPRegen  0.11/turn              (no ring)
MPRegen  0.09/turn              (no ring)

@: lethally poisoned (0 -> -4), tree-form
A: stationary, stasis, torment immunity, boosted hp, very small, no large
weapons, unfitting armour, see invisible, (speed 3)
a: no special abilities


You were on level 3 of the Dungeon.
You were a tree.
You visited 1 branch of the dungeon, and saw 3 of its levels.

You collected 62 gold pieces.

Inventory:

Hand Weapons
 a - a +2 dagger
 g - a +1 dagger of speed (weapon)
Missiles
 d - 6 poisoned darts (quivered)
Armour
 b - a +0 robe (melded)
 c - a +0 cloak (melded)
Scrolls
 h - a scroll of magic mapping
Potions
 i - a potion of mutation
 j - a potion of haste


   Skills:
 + Level 2.1 Fighting
 * Level 3.6 Short Blades
 - Level 2.0 Throwing
 * Level 3.7 Dodging
 + Level 6.6 Stealth


You had 3 spell levels left.
You didn't know any spells.
Your spell library was empty.

Dungeon Overview and Level Annotations

Branches:
Dungeon (3/15)

Altars:


Innate Abilities, Weirdness & Mutations

You are a tree.
Your roots penetrate the ground, keeping you stationary.
You cannot be teleported.
You are immune to unholy pain and torment.
Your maximum health is greatly increased.
Your equipment is partially melded.
You are very small and have problems with some larger weapons.
You are too small for most types of armour.
You have supernaturally acute eyesight. (SInv)
((You cover ground extremely quickly. (Speed+++)))


Message History

The kobold is moderately wounded.
The kobold completely misses you.
You closely miss the kobold.
The kobold is moderately wounded.
The kobold misses you.
The water moccasin hisses angrily.
You hit the kobold.
You kill the kobold!
You hit the water moccasin.
The water moccasin is lightly wounded.
The water moccasin bites you.
You are poisoned.
The water moccasin poisons you!
You hit the water moccasin.
The water moccasin is lightly wounded.
You feel sick.
You barely miss the water moccasin.
The water moccasin is lightly wounded.
You feel sick.
The water moccasin completely misses you.
You hit the water moccasin but do no damage.
The water moccasin is lightly wounded.
You feel sick.
The water moccasin bites you but does no damage.
You hit the water moccasin.
The water moccasin is lightly wounded.
You feel sick.
You hit the water moccasin.
The water moccasin is moderately wounded.
You feel sick. The water moccasin bites you!
* * * LOW HITPOINT WARNING * * *
You are too injured to fight recklessly!
It was a potion of lignification.
You turn into a tree.
Your +0 cloak melds into your body.
Your +0 robe melds into your body.
Your roots penetrate the ground.
* * * LOW HITPOINT WARNING * * *
You feel sick.
The water moccasin bites you but does no damage.
The water moccasin bites you.
You die...

##......#.#K##...
#######.#.###.#.#.##.###
#......................# ###
#...........#.#..###.#.#.....
#<#.##......#.#..##.........#
#.#.##......).#..##..#.#.##.#
#.#..#........#..##..#...
###.##.#........#......###+##.#.
#..........#...♣................
##..####........S.....#.....#.#
#..# #...^#..#.......#.........
#.......###..#.#.###.#.#.......
###..# #..#....>.........S..
#..# #..#.#.........####.# #..#
#....+ ......... . #... #.#
.......## ......


You could see a water moccasin.

Vanquished Creatures
  An iguana (D:2)
  An adder (D:2)
  2 worms (D:3)
  2 dart slugs (D:1)
  4 orcs (D:2)
  6 ball pythons
  4 bats (D:1)
  4 endoplasms
  2 giant cockroaches (D:1)
  5 goblins
  2 hobgoblins (D:2)
  15 jackals
  8 kobolds
  A quokka (D:1)
  5 frilled lizards
  6 rats
68 creatures vanquished.

Vanquished Creatures (collateral kills)
  An orc (D:3)
  A ball python (D:3)
  A hobgoblin (D:3)
3 creatures vanquished.

Grand Total: 71 creatures vanquished

Notes
Turn   | Place    | Note
-------+----------+-------------------------------------------
     0 | D:1      | spiderkeys the Spriggan Brigand began the quest for the
                  | Orb.
     0 | D:1      | Reached XP level 1. HP: 10/10 MP: 2/2
   282 | D:1      | Reached XP level 2. HP: 15/15 MP: 3/3
   291 | D:1      | Reached skill level 6 in Stealth
  1001 | D:1      | Reached XP level 3. HP: 17/18 MP: 4/4
  1673 | D:2      | Reached XP level 4. HP: 21/23 MP: 5/5
  1892 | D:3      | Noticed a water moccasin
  2950 | D:3      | Slain by a water moccasin

Illustrated notes

Levels and vault maps discovered:
D:1:      heliophobic_arrival_glass_houses, layout_loops_corners, st_stairs_14
D:2:      layout_rooms
D:3:      layout_basic, ebering_ecumenical_altar_webs

Skill      XL: |  1  2  3 |
---------------+----------+-----
Dodging        | 2 3 |  3.7
Stealth        | 6 |  6.6
Short Blades   | 3 |  3.6
Fighting       | 2 |  2.1
Throwing       | |  2.0

Action                   |  1- 3 |  4- 6 || total
-------------------------+-------+-------++-------
Melee: Dagger            |   130 |    59 ||   189
Throw: Dart              |    14 |    23 ||    37
  Use: Scroll            |     3 |     3 ||     6
       Potion            |       |     1 ||     1
 Stab: Sleeping          |    16 |     4 ||    20
       Distracted        |     1 |       ||     1
Armor: Robe              |    12 |     3 ||    15
       Skin              |       |     1 ||     1
Dodge: Dodged            |    70 |    33 ||   103

Table legend: (Time is in decaauts)
 A = Elapsed time spent in this place.
 B = Non-inter-level travel time spent in this place.
 C = Inter-level travel time spent in this place.
 D = Time resting spent in this place.
 E = Time spent auto-exploring this place.
 F = Levels seen in this place.
 G = Mean time per level.
                   A        B        C        D        E       F      G
               +--------+--------+--------+--------+--------+-----+--------+
         Total |   2281 |   2255 |     26 |    112 |   1702 |   3 |  760.3 |
       Dungeon |   2281 |   2255 |     26 |    112 |   1702 |   3 |  760.3 |
               +--------+--------+--------+--------+--------+-----+--------+

Top non-repeatable levels by time:
     D:2: 1106 daAuts
     D:1: 1068 daAuts
     D:3: 107 daAuts
